 Dungeon Crawl Stone Soup version 0.17-a0-1951-g62301d3 (webtiles) character file.

858508 brucemayne the Impregnable (level 27, -13/381 (384) HPs)
             Began as a Hill Orc Berserker on Oct 1, 2015.
             Was the Champion of the Shining One.
             Killed from afar by Antaeus (35 damage)
             ... with a bolt of lightning
             ... on level 7 of Cocytus on Oct 2, 2015.
             The game lasted 05:16:35 (37301 turns).

brucemayne the Impregnable (Hill Orc Berserker)    Turns: 37301, Time: 05:16:35

HP:   -13/381 (384) AC: 45    Str: 33    XL:     27
MP:   20/37         EV: 29    Int:  8    God:    the Shining One [******]
Gold: 1545          SH:  0    Dex: 15    Spells: 8 memorised, 23 levels left

rFire  + + .     SeeInvis .     w - +9 executioner's axe (holy)
rCold  + + +     Clarity  .     Q - +3 gold dragon armour
rNeg   + + +     SustAt   .     (no shield)
rPois  +         Gourm    .     p - +2 helmet of Dim Light {+Fly rF+}
rElec  .         Spirit   .     t - +1 cloak {MR+}
rCorr  .         Warding  .     a - +1 pair of gloves of the Dungeon {rC+}
rMut   .         Stasis   .     i - +2 pair of boots {run}
MR     +++..                    u - amulet of regeneration
Stlth  ..........               D - +5 ring of evasion
                                F - ring "Ymyhoipp" {rC+ rN+ Int-4 Slay+3}

@: agile, berserking, phasing, very slightly contaminated, hasted, glowing,
studying Evocations, repel missiles, very quick, extremely resistant to hostile
enchantments, extremely unstealthy
A: repulsion field 1, deterioration 1, screaming 1, shaggy fur 1, MP-powered
wands
a: Divine Shield, Cleansing Flame, Summon Divine Warrior, Renounce Religion,
Evoke Flight
}: 9/15 runes: barnacled, slimy, silver, golden, iron, obsidian, bone, abyssal,
gossamer


You were on level 7 of Cocytus.
You worshipped the Shining One.
The Shining One was exalted by your worship.
You were hungry.

You visited 17 branches of the dungeon, and saw 88 of its levels.
You visited the Abyss 2 times.
You visited 2 bazaars.
You visited 1 ziggurat, and saw 13 of its levels.
You also visited: Ossuary.

You collected 6077 gold pieces.
You spent 4532 gold pieces at shops.

Inventory:

Hand weapons
 w - a +9 executioner's axe of holy wrath (weapon)
Missiles
 U - 6 javelins of returning (quivered)
Armour
 a - the +1 pair of gloves of the Dungeon (worn) {rC+}
   (You bought it in a shop in a bazaar)

   It protects you from cold.
 i - a +2 pair of boots of running (worn)
 p - the +2 helmet of Dim Light (worn) {+Fly rF+}
   (You found it on level 4 of the Lair of Beasts)

   It protects you from fire.
   It lets you fly.
 t - a +1 cloak of magic resistance (worn)
 C - the +0 helmet of Context {+Blink Stlth+}
   (You took it off Robin on level 3 of the Dungeon)

   It lets you blink.
   It makes you more stealthy.
 Q - a +3 gold dragon armour (worn)
Jewellery
 e - an uncursed amulet of resist corrosion
 h - a +3 ring of protection
 m - an uncursed ring of protection from magic
 o - an uncursed ring of teleportation
 u - an amulet of regeneration (around neck)
 B - an uncursed amulet of guardian spirit
 D - a +5 ring of evasion (right hand)
 F - the ring "Ymyhoipp" (left hand) {rC+ rN+ Int-4 Slay+3}
   (You found it on level 6 of the Pits of Slime)

   [ring of positive energy]

   It affects your intelligence (-4).
   It affects your accuracy and damage with ranged weapons and melee attacks
   (+3).
   It protects you from cold.
   It protects you from negative energy.
 N - the amulet "Byer" {+Inv rF- rN+ MR+ Regen+}
   (You took it off an ironbrand convoker on level 5 of the Vaults)

   [amulet of regeneration]

   It makes you vulnerable to fire.
   It protects you from negative energy.
   It affects your resistance to hostile enchantments.
   It lets you turn invisible.
   It increases your rate of regeneration.
 O - an uncursed ring of flight
 R - an uncursed amulet of resist mutation
 T - an uncursed ring of protection from fire
 W - an uncursed ring of wizardry
Magical devices
 d - a wand of digging (8)
 g - a wand of hasting (1)
 E - a wand of disintegration (15)
Scrolls
 b - 11 scrolls of recharging
 f - 10 scrolls of fog
 q - a scroll of brand weapon
 x - 13 scrolls of remove curse
 G - 4 scrolls of fear
 I - 19 scrolls of identify
 J - 2 scrolls of blinking
 K - 3 scrolls of holy word
 M - 4 scrolls of enchant weapon
 X - 6 scrolls of teleportation
 Y - a scroll of enchant armour
 Z - a scroll of magic mapping
Potions
 l - 3 potions of cure mutation
 v - a potion of haste
 y - 2 potions of cancellation
 z - a potion of might
 V - 2 potions of curing
Books
 r - a manual of Evocations
Miscellaneous
 j - a fan of gales
 L - a legendary deck of destruction
 S - a fan of gales
Comestibles
 c - a bread ration
 A - 3 royal jellies
 H - 6 meat rations
 P - 7 chunks of flesh


   Skills:
 - Level 22.4 Fighting
 - Level 26.1 Axes
 + Level 26.7 Armour
 - Level 1.5 Dodging
   Level 15.0 Shields
 - Level 10.3 Spellcasting
 + Level 15.1 Charms
 - Level 8.7 Summonings
 - Level 15.7 Translocations
 - Level 7.5 Air Magic
 - Level 18.8 Invocations
 - Level 7.6 Evocations


You had 23 spell levels left.
You knew the following spells:

 Your Spells              Type           Power        Failure   Level  Hunger
a - Swiftness             Chrm/Air       ###.....     1%          2    #......
b - Repel Missiles        Chrm/Air       ###...       1%          2    #......
c - Blink                 Tloc           N/A          1%          2    #......
d - Apportation           Tloc           ####......   1%          1    None
e - Summon Butterflies    Summ           ###.....     1%          1    None
f - Haste                 Chrm           ####....     24%         6    #######
g - Phase Shift           Tloc           ####......   3%          5    ######.
h - Passage of Golubria   Tloc           N/A          1%          4    ####...


Dungeon Overview and Level Annotations

Branches:
Dungeon (15/15)            Temple (1/1) D:6            Lair (8/8) D:10
 Shoals (4/4) Lair:4       Spider (4/4) Lair:3        Slime (6/6) Lair:7
    Orc (4/4) D:9             Elf (2/3) Orc:4        Vaults (5/5) D:14
  Crypt (3/3) Vaults:2       Tomb (3/3) Crypt:3      Depths (4/5) D:15
   Hell (1/1)                 Dis (7/7) Hell            Geh (7/7) Hell
    Coc (7/7) Hell            Tar (7/7) Hell

Altars:
Cheibriados
Dithmenos
Elyvilon
Fedhas
Gozag
Kikubaaqudgha
Makhleb
Nemelex Xobeh
Okawaru
Qazlal
Ru
Trog
Vehumet
Xom
Yredelemnul
Zin
The Shining One
Jiyva

Shops:
D:6 [*}   D:10 ?   D:11 (   D:15 ([   Orc:2 :   Orc:4 }![?   Vaults:1 !
Vaults:3 *

Portals:
Hell: Depths:1 Depths:3
Pandemonium: Orc:4

Annotations:
D:7 Joseph
D:8 exclusion: downstairs
Lair:7 exclusion: 2 oklob plants
Hell exclusion: 2 ice statues
Coc:7 Antaeus


Innate Abilities, Weirdness & Mutations

You are surrounded by a mild repulsion field (EV +2).
Your body sometimes deteriorates upon taking damage.
You occasionally shout uncontrollably at your foes.
You are covered in fur (AC +1).
You expend magic power (3 MP) to strengthen your wands.


Message History

Unknown command.
You slice Antaeus!!
Antaeus convulses.
Antaeus is severely wounded.
You slash Antaeus!
Antaeus convulses.
Antaeus is severely wounded.
Your daeva calls down the wrath of the Shining One upon Antaeus.
Antaeus is smitten.
Antaeus hits you!!! The Shining One protects you from harm!
Antaeus freezes you! You resist.
* * * LOW HITPOINT WARNING * * *
Antaeus hits you but does no damage.
Unknown command.
You cut Antaeus into ribbons!!!
Antaeus convulses.
Antaeus is severely wounded.
You are feeling hungry.
You slice Antaeus!!
Antaeus convulses!!
Antaeus is almost dead.
Antaeus gestures at you. The bolt of lightning hits you!
You die...

≈≈≈≈≈≈≈.........≈≈≈≈≈≈≈≈≈≈≈≈≈
≈≈≈≈...≈≈≈≈≈≈≈....≈≈≈≈≈≈≈≈≈≈≈
≈≈≈..≈≈≈Z≈≈≈≈≈≈≈≈..≈≈≈≈≈≈≈≈≈≈
≈≈..≈≈≈≈......≈≈≈≈..≈≈≈≈≈≈≈≈≈
≈..≈≈≈..........≈≈≈..≈≈≈≈≈≈≈≈
≈≈..≈≈....####....≈≈≈.≈≈≈≈≈≈≈≈
≈..≈≈≈..#'######..C≈≈..≈≈≈≈≈≈≈
≈..≈≈..##.)\.:.##..≈≈≈..≈≈≈≈≈≈
≈..≈≈.. #..}.@.##...≈≈..≈≈≈≈≈≈
≈..≈≈.. #.})=AC##...≈≈..≈≈≈≈≈≈
≈..≈≈..#######'#....≈≈.≈≈≈≈≈≈≈
≈...≈≈..######.†...≈≈≈.≈≈≈≈≈≈≈
≈≈..≈≈.[..##......≈≈≈..≈≈≈≈≈≈≈
≈≈≈.≈≈≈≈......≈≈≈≈≈≈..≈≈≈≈≈≈≈≈
≈≈≈...≈≈≈≈≈≈≈≈≈≈≈....≈≈≈≈≈≈≈≈≈
≈≈≈≈≈....≈≈≈≈≈....≈≈≈≈≈≈≈≈≈≈≈≈
≈≈≈≈≈≈≈≈.......≈≈≈≈≈≈≈≈≈≈≈≈≈≈≈


You could see Antaeus and a friendly daeva.

Vanquished Creatures
  Asmodeus (Geh:7)
  Ereshkigal (Tar:7)
  the Serpent of Hell (Coc:7)
  Dispater (Dis:7)
  Mara (Depths:2)
  5 ancient liches
  20 greater mummies
  7 shard shrikes
  Norris (D:14)
  Saint Roka (Vaults:1)
  Geryon (Hell)
  3 profane servitors (Zig:13)
  Jory (Crypt:3)
  4 golden dragons
  5 liches
  2 bone dragons
  9 Brimstone Fiends
  2 tentacled monstrosities (Vaults:5)
  13 Ice Fiends
  Rupert (Lair:5)
  The ghost of Appriser the Brawler, a mighty DrTm of Qazlal (Elf:2)
  7 Hell Sentinels (Dis:7)
  A deep elf blademaster (Elf:2)
  A quicksilver dragon (Zig:9)
  11 Shadow Fiends
  9 acid blobs (Slime:6)
  2 titans (Vaults:5)
  Gastronok (D:8)
  14 sphinxes
  A thorn hunter (Zig:12)
  4 ancient champions
  3 tentacled starspawn (Abyss:3)
  Frances (D:14)
  An Executioner (Dis:2)
  7 shadow dragons
  2 storm dragons (Vaults:5)
  A tengu reaver (Zig:11)
  2 greater nagas (Zig:11)
  A draconian monk (Zig:2)
  Ilsuiw (Shoals:4)
  Wiglaf (Crypt:2)
  A frost giant (Depths:1)
  6 revenants
  Donald (Orc:4)
  4 azure jellies
  2 draconian knights (Zig:5)
  8 iron dragons
  18 fire giants
  11 balrugs
  5 deep elf sorcerers
  A curse skull (Crypt:1)
  7 emperor scorpions
  4 ghost moths
  3 ghouls
  10 vault wardens
  9 war gargoyles
  9 ironheart preservers
  6 very ugly things
  A cacodemon (Dis:7)
  16 reapers
  A draconian annihilator (Zig:11)
  3 elemental wellsprings
  5 salamander firebrands
  20 stone giants
  4 vampire knights
  4 bennus
  Azrael (D:15)
  4 dire elephants (Lair:8)
  A salamander stormcaller (Vaults:4)
  A red draconian (Zig:2)
  4 deep elf annihilators
  5 deep elf death magi
  5 merfolk javelineers
  4 crystal guardians (Abyss:3)
  5 blizzard demons
  17 jiangshi
  6 death oozes
  5 eidola
  7 merfolk impalers
  11 small abominations
  10 ettins
  5 fire dragons
  4 great orbs of eyes
  26 mummy priests
  3 quicksilver dragon zombies
  3 green deaths (Hell)
  2 deep elf high priests (Vaults:5)
  3 entropy weavers
  3 great orbs of eyes (shapeshifter) (Abyss:3)
  33 vault guards
  Fannar (D:10)
  16 ice dragons
  A naga warrior (Abyss:5)
  3 rakshasas
  13 yaktaur captains
  3 quicksilver dragon skeletons
  2 ghost crabs
  4 hydras
  3 merfolk avatars
  13 ogre magi
  3 spriggan air magi
  An alligator snapping turtle (Shoals:2)
  A caustic shrike simulacrum (Zig:10)
  3 satyrs (Shoals:4)
  9 deep troll earth magi
  10 centaur warriors
  3 merfolk aquamancers
  13 dancing weapons
  An anaconda (Lair:8)
  7 thrashing horrors
  5 orc high priests
  A titan zombie (Crypt:2)
  2 deep troll shamans
  A spriggan berserker (Depths:1)
  18 sun demons
  9 vampire magi
  15 deep elf knights
  10 hell hogs
  A storm dragon zombie (Crypt:3)
  8 iron golems
  Nergalle (Depths:2)
  2 titan skeletons
  12 shadow wraiths
  11 wretched stars
  14 iron trolls
  88 death scarabs
  9 sea snakes
  10 soul eaters
  A salamander mystic (Zig:11)
  A deep troll (shapeshifter) (Vaults:1)
  3 golden dragon zombies
  3 spatial maelstroms (Abyss:3)
  60 skeletal warriors
  7 unseen horrors
  6 shadow demons
  9 flayed ghosts
  3 death drakes
  22 hell knights
  2 storm dragon skeletons
  A giant orange brain (shapeshifter) (Vaults:5)
  3 deep elf summoners
  16 ice devils
  4 anaconda zombies
  7 necromancers
  18 orc knights
  21 deep trolls
  10 starcursed masses
  A golden dragon skeleton (Coc:7)
  An obsidian statue (Zig:13)
  8 large abominations
  A putrid demonspawn (Orc:4)
  A hill giant (shapeshifter) (Abyss:3)
  A shambling mangrove (Zig:12)
  12 wolf spider zombies
  22 hill giants
  25 phantasmal warriors
  3 giant orange brains
  A torturous demonspawn (Orc:4)
  10 anubis guards
  30 harpies
  A swamp dragon (Zig:12)
  3 anaconda skeletons
  3 hornets
  A mana viper (Abyss:3)
  2 shadow dragon zombies
  9 orb spiders
  13 wolf spiders
  14 ironbrand convokers
  13 orc sorcerers
  A mana viper (shapeshifter) (Depths:1)
  8 manticores
  5 griffons
  A fire giant zombie (Tar:2)
  3 wizards
  An iron dragon zombie (Dis:5)
  A shining eye (shapeshifter) (Vaults:4)
  3 oklob plants (Zig:6)
  4 stone giant zombies
  36 ugly things
  2 tengu skeletons
  10 deep elf conjurers
  6 frost giant zombies
  A shadow dragon skeleton (Coc:5)
  2 fauns (Shoals:4)
  4 water nymphs (Shoals:4)
  2 worldbinders
  2 cyclopes (shapeshifter)
  2 sixfirhies
  2 cyclopes (Vaults:1)
  3 salamanders
  8 elephants
  2 black mambas
  A shock serpent zombie (Dis:6)
  2 iron dragon skeletons
  A shining eye (Slime:1)
  3 frost giant skeletons
  2 fire giant skeletons
  10 vault sentinels
  3 stone giant skeletons
  A dire elephant zombie (Coc:7)
  A guardian serpent (Abyss:5)
  An apocalypse crab (Abyss:5)
  17 rust devils
  A spiny frog (shapeshifter) (Vaults:4)
  3 moths of wrath
  4 torpor snails
  An orange demon (Hell)
  4 gargoyles
  8 sirens
  3 dire elephant skeletons
  An emperor scorpion zombie (Geh:1)
  A molten gargoyle (Geh:7)
  34 yaktaurs
  22 hellions
  An anaconda simulacrum (Coc:1)
  4 smoke demons
  6 efreet
  A fire drake (Lair:7)
  3 kobold demonologists
  8 spiny frogs
  An iron troll zombie (Dis:5)
  A silent spectre (Tar:5)
  10 tormentors
  10 freezing wraiths
  A grey draconian skeleton (Crypt:3)
  3 komodo dragons
  An entropy weaver zombie (Crypt:1)
  26 merfolk
  4 demonic crawlers
  5 trolls
  A death drake zombie (Crypt:2)
  A minotaur zombie (Crypt:3)
  45 guardian mummies
  6 deep elf priests
  A wind drake (Shoals:4)
  3 ancient zymes (Abyss:5)
  5 hydra zombies
  5 red devils
  A polar bear (shapeshifter) (Vaults:1)
  A harpy zombie (Coc:7)
  11 blue devils
  12 polar bears
  A moth of wrath zombie (Crypt:1)
  2 iron troll skeletons (Dis:5)
  10 tarantella zombies (Spider:2)
  3 bog bodies
  7 boulder beetles
  An ice dragon zombie (Geh:7)
  A giant leech (Zig:12)
  11 jumping spiders
  7 hydra skeletons
  5 raiju
  21 two-headed ogres
  An ettin zombie (Crypt:3)
  2 minotaur skeletons
  36 slime creatures
  3 alligator zombies
  32 blink frogs
  7 ushabtiu
  A stone giant simulacrum (Abyss:1)
  A centaur simulacrum (D:10)
  3 fire dragon zombies
  7 deep elf magi
  13 trapdoor spiders
  4 snapping turtles
  97 flying skulls
  A black mamba zombie (Crypt:2)
  10 shadows
  19 vampires
  40 yaks
  A spriggan skeleton (Zig:4)
  2 air elementals (Depths:2)
  5 ice dragon skeletons
  A wyvern (shapeshifter) (Zig:3)
  A salamander simulacrum (Vaults:3)
  A basilisk (shapeshifter) (Vaults:4)
  24 redbacks
  3 alligator skeletons
  A fire dragon skeleton (Geh:7)
  A giant leech zombie (Crypt:3)
  10 tarantellas
  4 basilisks
  4 steam dragons
  16 water elementals
  7 hippogriffs
  A spriggan (shapeshifter) (Vaults:1)
  A hippogriff (shapeshifter) (Depths:1)
  16 humans (D:14)
  7 wyverns
  4 ynoxinuls
  2 mottled dragons (Zig:9)
  13 wraiths
  10 fire elementals
  A spatial vortex (Abyss:3)
  8 vampire mosquitoes
  3 neqoxecs
  2 hungry ghosts
  2 nagas (Abyss:5)
  23 deep elf fighters
  2 chaos spawn (Orc:4)
  11 water moccasins
  5 spiny frog zombies
  5 wargs
  A mottled dragon (shapeshifter) (Vaults:4)
  A hydra simulacrum (Crypt:2)
  3 porcupines
  18 hell hounds
  44 orc warriors
  6 wolves (Lair:4)
  13 ice beasts
  2 sky beasts
  3 spiny frog skeletons
  7 spiders
  10 centaurs
  3 eyes of draining
  A lindwurm zombie (Crypt:1)
  A manticore zombie (Crypt:1)
  6 black bears
  5 wasps
  2 swamp drakes (Zig:12)
  13 necrophages
  2 swamp dragon zombies
  4 phantoms
  2 manticore skeletons
  6 big kobolds
  9 crocodiles
  55 ogres
  2 swamp dragon skeletons
  A snapping turtle skeleton (Coc:1)
  9 boggarts
  A fire drake skeleton (Crypt:1)
  Blork the orc (D:5)
  A brain worm (D:13)
  A gnoll sergeant (D:9)
  3 earth elementals
  7 giant frogs
  8 spider zombies (Spider:2)
  A wyvern zombie (D:12)
  A wyvern skeleton (D:9)
  A warg skeleton (Crypt:3)
  A cyclops skeleton (Crypt:2)
  A raiju zombie (Crypt:1)
  11 scorpions
  A yak zombie (Crypt:3)
  5 killer bees (D:9)
  18 wights
  3 electric eels
  3 vampire bats (Lair:7)
  A wyvern simulacrum (D:10)
  3 giant frog zombies
  6 crimson imps
  4 centaur zombies
  3 human zombies
  19 orc wizards
  5 hounds
  10 jellies
  A giant frog skeleton (D:7)
  28 orc priests
  13 iron imps
  3 centaur skeletons
  6 iguanas
  A human simulacrum (Vaults:1)
  2 gnoll shamans (D:9)
  A human skeleton (Dis:7)
  18 sheep
  A deep dwarf zombie (Crypt:2)
  5 worker ants
  2 big kobold zombies (Ossuary)
  An ogre skeleton (Tar:7)
  A worker ant zombie (Crypt:1)
  38 mummies
  Robin (D:3)
  10 gnolls
  37 river rats
  7 adders
  5 scorpion zombies
  15 shadow imps
  2 worker ant simulacra (D:10)
  7 white imps
  3 oozes
  An ufetubus (D:10)
  An adder zombie (D:5)
  A worm (D:2)
  4 giant geckos
  151 orcs
  2 ball pythons
  11 bats
  3 giant cockroaches
  A gnoll zombie (Ossuary)
  13 goblins
  10 hobgoblins
  7 jackals
  11 kobolds
  2 quokkas
  A giant gecko skeleton (D:5)
  A giant gecko zombie (D:5)
  6 giant newts
  A goblin zombie (Ossuary)
  3 hobgoblin zombies (Ossuary)
  2 kobold zombies (Ossuary)
  2 orc zombies (Ossuary)
  4 rats
  3 fungi (Lair:7)
  A lurking horror (Abyss:3)
  21 plants
  A starspawn tentacle (Abyss:3)
2951 creatures vanquished.

Vanquished Creatures (collateral kills)
  the royal jelly (Slime:6)
  Khufu (Tomb:3)
  A greater mummy (Tomb:2)
  Frederick (Vaults:5)
  2 Ice Fiends (Coc:7)
  3 sphinxes (Tomb:1)
  A blood saint (Zig:11)
  A revenant (Zig:13)
  An azure jelly (Slime:6)
  2 iron dragons (Dis:7)
  A cacodemon (Dis:7)
  An ironheart preserver (Vaults:5)
  A stone giant (Zig:13)
  A war gargoyle (Dis:7)
  A vampire knight (Zig:13)
  A deep elf annihilator (Zig:11)
  2 bennus
  An eidolon (Tar:7)
  An ogre mage (Zig:11)
  A green death (Zig:12)
  A merfolk impaler (Shoals:4)
  A fire dragon (Zig:9)
  A yaktaur captain (Vaults:5)
  4 hydras
  2 ice dragons
  A merfolk avatar (Shoals:4)
  4 dancing weapons (Elf:2)
  A vampire mage (Zig:13)
  A deep elf knight (Elf:2)
  2 storm dragon zombies
  2 salamander mystics (Zig:11)
  A skeletal warrior (Zig:6)
  2 iron trolls
  2 shadow wraiths
  17 death scarabs (Tomb:3)
  2 ice devils
  A swamp dragon (Zig:9)
  A deep troll (Tomb:2)
  A shadow demon (Tar:7)
  3 harpies (Shoals:3)
  4 anubis guards
  4 oklob plants (Zig:6)
  A shadow dragon skeleton (Tomb:2)
  A spiny frog (Zig:12)
  An elf zombie (Zig:10)
  A fire drake (Zig:9)
  An emperor scorpion zombie (Dis:7)
  A deep elf priest (Vaults:5)
  4 guardian mummies
  2 polar bears
  A snapping turtle (Shoals:4)
  A hydra skeleton (Coc:7)
  A slime creature (Slime:6)
  2 ushabtiu
  A wraith (Zig:6)
  4 flying skulls
  A redback (Spider:4)
  A deep elf fighter (Elf:2)
  A mottled dragon (Zig:9)
  A swamp drake (Zig:9)
  3 black bears
  4 ogres
  4 iron imps (Dis:7)
  2 mummies
  A fire vortex (Geh:7)
  A plant (Shoals:3)
124 creatures vanquished.

Vanquished Creatures (others)
  3 eldritch tentacles
  An ice dragon (Coc:7)
  A soul eater (Coc:7)
  A spriggan (Zig:12)
  A wolf spider zombie (Geh:7)
  A two-headed ogre (Geh:7)
  A tormentor (Coc:2)
  A hydra skeleton (Geh:6)
  3 flying skulls (Tomb:3)
  A mottled dragon (Zig:9)
  A wasp (Zig:12)
  An ogre (Vaults:1)
  An orc wizard (Orc:3)
  A mummy (Tomb:2)
  269 eldritch tentacle segments
  9 fungi
  8 lost souls
  A lurking horror (Abyss:5)
  46 plants
  3 starspawn tentacles
  2 starspawn tentacle segments (Abyss:5)
  19 toadstools (Lair:7)
375 creatures vanquished.

Grand Total: 3450 creatures vanquished

Notes
Turn   | Place    | Note
--------------------------------------------------------------
     0 | D:1      | brucemayne the Hill Orc Berserker began the quest for the Orb.
     0 | D:1      | Reached XP level 1. HP: 19/19 MP: 1/1
    82 | D:2      | Reached skill level 5 in Axes
    82 | D:2      | Reached XP level 2. HP: 20/26 MP: 2/2
   166 | D:2      | Reached XP level 3. HP: 13/31 MP: 3/3
   238 | D:2      | Acquired Trog's second power
   298 | D:3      | Noticed Robin
   332 | D:3      | Reached skill level 6 in Axes
   336 | D:3      | Killed Robin
   338 | D:3      | Reached XP level 4. HP: 16/39 MP: 4/4
   352 | D:3      | Got a smoking helmet
   380 | D:3      | Identified the cursed +0 helmet of Context {+Blink Stlth+} (You took it off Robin on level 3 of the Dungeon)
   478 | D:3      | Noticed a big kobold
   489 | D:3      | Killed a big kobold
   489 | D:3      | Reached skill level 7 in Axes
   489 | D:3      | Reached XP level 5. HP: 24/45 MP: 5/5
   602 | D:2      | Found a stormy altar of Qazlal.
   734 | D:4      | Reached skill level 8 in Axes
   918 | D:5      | Entered Level 5 of the Dungeon
   922 | D:5      | Found a sand-covered staircase.
   997 | D:5      | Noticed Blork the orc
  1014 | D:5      | Killed Blork the orc
  1014 | D:5      | Reached skill level 9 in Axes
  1014 | D:5      | Reached XP level 6. HP: 46/51 MP: 6/6
  1081 | Ossuary  | Entered an ossuary
  1218 | Ossuary  | Reached XP level 7. HP: 38/57 MP: 7/7
  1238 | Ossuary  | Reached skill level 10 in Axes
  1397 | Ossuary  | Reached skill level 11 in Axes
  1503 | Ossuary  | Reached XP level 8. HP: 47/64 MP: 8/8
  1506 | Ossuary  | Reached skill level 12 in Axes
  1638 | D:5      | Noticed an ogre
  1656 | D:5      | Killed an ogre
  1770 | D:6      | Found a staircase to the Ecumenical Temple.
  1800 | Temple   | Entered the Ecumenical Temple
  2065 | D:6      | Found Ythruol's Gadget Boutique.
  2118 | D:6      | Reached skill level 5 in Fighting
  2170 | D:6      | Found Nunkeral's Armour Boutique.
  2171 | D:6      | Found Widugege's Assorted Antiques.
  2202 | D:6      | Reached skill level 13 in Axes
  2268 | D:5      | Noticed a necrophage
  2324 | D:7      | Reached XP level 9. HP: 78/78 MP: 9/9
  2368 | D:6      | Found a basalt altar of Yredelemnul.
  2570 | D:8      | Reached skill level 14 in Axes
  2614 | D:8      | Noticed a two-headed hydra
  2618 | D:8      | Killed a one-headed hydra
  2844 | D:9      | Reached XP level 10. HP: 65/91 MP: 10/10
  2850 | D:8      | Found a blossoming altar of Fedhas.
  2850 | D:8      | Found a stormy altar of Qazlal.
  2858 | D:8      | Found a snail-covered altar of Cheibriados.
  2885 | D:9      | Found a snail-covered altar of Cheibriados.
  2918 | D:9      | Noticed a gargoyle
  2952 | D:9      | Killed a gargoyle
  2952 | D:9      | Reached skill level 15 in Axes
  3045 | D:9      | Reached skill level 10 in Fighting
  3106 | D:9      | Noticed a sixfirhy
  3112 | D:9      | Killed a sixfirhy
  3172 | D:9      | Gained mutation: You are agile. (Dex +2) [mutagenic meat]
  3173 | D:9      | Gained mutation: You have very sharp teeth. [mutagenic meat]
  3501 | D:9      | Killed an unseen horror
  3501 | D:9      | Reached skill level 16 in Axes
  3676 | D:9      | Acquired Trog's third power
  3847 | D:9      | Found a staircase to the Orcish Mines.
  3879 | D:10     | Entered Level 10 of the Dungeon
  3918 | D:9      | Reached skill level 17 in Axes
  3993 | Orc:1    | Entered Level 1 of the Orcish Mines
  4014 | Orc:1    | Reached XP level 11. HP: 47/101 MP: 11/11
  4313 | Orc:1    | Noticed an orc sorcerer
  4325 | Orc:1    | Noticed an ice devil
  4475 | Orc:2    | Received a gift from Trog
  4675 | Orc:3    | Reached skill level 5 in Armour
  4686 | Orc:3    | Found a bloodstained altar of Trog.
  4765 | Orc:2    | Found Mammom's Book Emporium.
  4821 | Orc:4    | Entered Level 4 of the Orcish Mines
  4821 | Orc:4    | Noticed Donald
  4849 | Orc:4    | Killed Donald
  4964 | Orc:4    | Received a gift from Trog
  5005 | Orc:4    | Found a staircase to the Elven Halls.
  5135 | Orc:4    | Reached skill level 1 in Shields
  5180 | Orc:4    | Found Ceher Ani's Distillery.
  5181 | Orc:4    | Noticed an orc knight
  5204 | Orc:4    | Killed an orc knight
  5295 | Orc:4    | Found Vetaoc's Magic Scroll Shop.
  5336 | Orc:4    | Bought a potion of curing for 36 gold pieces
  5336 | Orc:4    | Bought a potion of heal wounds for 60 gold pieces
  5336 | Orc:4    | Bought a potion of heal wounds for 60 gold pieces
  5338 | Orc:4    | Bought 2 scrolls of teleportation for 84 gold pieces
  5389 | Orc:4    | Reached skill level 5 in Shields
  5441 | Orc:4    | Gained mutation: You are frail (-10% HP). [a neqoxec]
  5453 | Orc:4    | Noticed an orc high priest
  5466 | Orc:4    | Killed an orc high priest
  5490 | Orc:4    | Noticed an orc knight
  5502 | Orc:4    | Killed an orc knight
  5502 | Orc:4    | Reached XP level 12. HP: 51/99 MP: 4/12
  5552 | Orc:4    | Lost mutation: You are frail (-10% HP). [potion of cure mutation]
  5552 | Orc:4    | Lost mutation: You are agile. (Dex +2) [potion of cure mutation]
  5552 | Orc:4    | Lost mutation: You have very sharp teeth. [potion of cure mutation]
  5624 | Orc:4    | Noticed an orc knight
  5668 | Orc:4    | Killed an orc knight
  5668 | Orc:4    | Reached skill level 18 in Axes
  5722 | Orc:4    | Noticed an orc knight
  5740 | Orc:4    | Killed an orc knight
  5815 | Orc:4    | Noticed an orc high priest
  5815 | Orc:4    | Noticed a torturous demonspawn
  5824 | Orc:4    | Noticed an orc high priest
  5827 | Orc:4    | Killed an orc high priest
  5842 | Orc:4    | Killed a torturous demonspawn
  5842 | Orc:4    | Reached skill level 19 in Axes
  5854 | Orc:4    | Killed an orc high priest
  5896 | Orc:4    | Noticed a putrid demonspawn
  5916 | Orc:4    | Killed a putrid demonspawn
  5929 | Orc:4    | Noticed an orc high priest
  5937 | Orc:4    | Killed an orc high priest
  5945 | Orc:4    | Found Eceteot's Gadget Shoppe.
  5945 | Orc:4    | Found Girchonue's Antique Armour Emporium.
  5945 | Orc:4    | Found a one-way gate leading to the halls of Pandemonium.
  5949 | Orc:4    | Bought a pair of gloves for 130 gold pieces
  5956 | Orc:4    | Bought a wand of disintegration (14) for 252 gold pieces
  5958 | Orc:4    | Bought a runed shield for 130 gold pieces
  6005 | Orc:4    | Bought a scroll of identify for 28 gold pieces
  6005 | Orc:4    | Bought a scroll of magic mapping for 49 gold pieces
  6005 | Orc:4    | Bought a scroll of teleportation for 42 gold pieces
  6037 | Elf:1    | Entered Level 1 of the Elven Halls
  6037 | Elf:1    | Noticed a deep elf sorcerer
  6047 | Orc:4    | Killed a deep elf sorcerer
  6094 | Elf:1    | Reached skill level 20 in Axes
  6107 | Elf:1    | Reached XP level 13. HP: 43/116 MP: 4/13
  6257 | Orc:4    | Noticed an orc knight
  6274 | Orc:4    | Killed an orc knight
  6429 | Orc:4    | Identified a scroll of acquirement
  6436 | Orc:4    | Identified a +2 pair of boots of running (You acquired it on level 4 of the Orcish Mines)
  6737 | D:10     | Noticed Fannar
  6767 | D:10     | Killed Fannar
  6907 | D:10     | Found a staircase to the Lair.
  6926 | Lair:1   | Entered Level 1 of the Lair of Beasts
  7444 | Lair:4   | Got an ancient helmet
  7455 | Lair:4   | Identified the +2 helmet of Dim Light {+Fly rF+} (You found it on level 4 of the Lair of Beasts)
  7567 | Lair:5   | Reached skill level 21 in Axes
  7737 | Lair:6   | Reached skill level 10 in Armour
  7803 | Lair:5   | Noticed Rupert
  7817 | Lair:5   | Killed Rupert
  7936 | Lair:4   | Found a staircase to the Shoals.
  7983 | Lair:3   | Found a hole to the Spider Nest.
  8004 | Lair:3   | Received a gift from Trog
  8017 | Lair:4   | Reached XP level 14. HP: 116/126 MP: 14/14
  8124 | Lair:4   | Found a snail-covered altar of Cheibriados.
  8478 | Lair:7   | Found a blossoming altar of Fedhas.
  8602 | Lair:7   | Found a runed door.
  8608 | Lair:7   | Found a viscous altar of Jiyva.
  8610 | Lair:7   | Found a staircase to the Slime Pits.
  8631 | Lair:7   | Received a gift from Trog
  8681 | Lair:7   | Reached skill level 22 in Axes
  8872 | Lair:8   | Entered Level 8 of the Lair of Beasts
  8986 | Lair:7   | Gained mutation: You are partially covered in large bone plates (AC +2, SH +2). [potion of mutation]
  8986 | Lair:7   | Gained mutation: You have a pair of small horns on your head. [potion of mutation]
  8986 | Lair:7   | Gained mutation: You are dopey. (Int -2) [potion of mutation]
  9522 | Lair:8   | Reached skill level 23 in Axes
  9794 | Shoals:1 | Entered Level 1 of the Shoals
  9895 | Shoals:2 | Received a gift from Trog
  9915 | Shoals:2 | Reached XP level 15. HP: 95/132 MP: 15/15
 10083 | Shoals:2 | Reached skill level 24 in Axes
 10365 | Shoals:4 | Entered Level 4 of the Shoals
 10365 | Shoals:4 | Noticed Ilsuiw
 10668 | Shoals:4 | Found a flickering gateway to a bazaar.
 10688 | Bazaar   | Entered a bazaar
 10688 | Bazaar   | Found Guulyc's Distillery.
 10700 | Bazaar   | Found Xoevaat's Antique Armour Shop.
 10724 | Bazaar   | Found Jiyzxum's Antique Weapon Shop.
 10754 | Bazaar   | Bought a spiked plate armour for 868 gold pieces
 10765 | Bazaar   | Identified the +10 plate armour of Resourcefulness {MR+ Int+4} (You bought it in a shop in a bazaar)
 10779 | Bazaar   | Bought a potion of heal wounds for 55 gold pieces
 10779 | Bazaar   | Bought a potion of might for 44 gold pieces
 10779 | Bazaar   | Bought a potion of curing for 33 gold pieces
 10779 | Bazaar   | Bought a potion of haste for 110 gold pieces
 10862 | Shoals:4 | Reached skill level 25 in Axes
 11380 | Shoals:3 | HP: 5/132 [snapping turtle (14)]
 12013 | Shoals:4 | Reached XP level 16. HP: 80/139 MP: 5/16
 12363 | Shoals:4 | Killed Ilsuiw
 12428 | Shoals:4 | Reached skill level 10 in Shields
 12476 | Shoals:4 | Got a barnacled rune of Zot
 12692 | Lair:4   | Lost mutation: You have a pair of small horns on your head. [potion of cure mutation]
 12692 | Lair:4   | Lost mutation: You are dopey. (Int -2) [potion of cure mutation]
 12692 | Lair:4   | Lost mutation: You are partially covered in large bone plates (AC +2, SH +2). [potion of cure mutation]
 12731 | Spider:1 | Entered Level 1 of the Spider Nest
 12949 | Spider:1 | Got a smelly ring mail
 13540 | Spider:4 | Entered Level 4 of the Spider Nest
 13958 | Spider:4 | Reached XP level 17. HP: 150/150 MP: 0/17
 14149 | Spider:4 | Got a gossamer rune of Zot
 14364 | Spider:1 | Paralysed by a hornet for 3 turns
 14520 | Lair:3   | Upgraded the game from 0.17-a0-1946-gfb768fe to 0.17-a0-1951-g62301d3
 14696 | Slime:1  | Entered Level 1 of the Pits of Slime
 14712 | Slime:1  | Reached skill level 1 in Evocations
 15245 | Slime:6  | Entered Level 6 of the Pits of Slime
 15276 | Slime:5  | Reached skill level 5 in Evocations
 15719 | Slime:6  | Found a viscous altar of Jiyva.
 15719 | Slime:6  | Noticed the royal jelly
 15734 | Slime:6  | Killed the royal jelly
 16059 | Slime:6  | Identified Etocysuh's Volume of Mutagenic Malediction
 16080 | Slime:6  | Got a slimy rune of Zot
 16082 | Slime:6  | Got a shimmering bronze ring
 16144 | Slime:6  | Got a glittering amber ring
 16186 | Slime:6  | Got a distressingly furry buckler
 16192 | Slime:6  | Identified the ring of the Traitor {Fire rPois rN+ Int+2} (You found it on level 6 of the Pits of Slime)
 16198 | Slime:6  | Identified the ring "Ymyhoipp" {rC+ rN+ Int-4 Slay+3} (You found it on level 6 of the Pits of Slime)
 16318 | Lair:7   | Identified the cursed +0 buckler of Sujec {rPois rF- rC- Str+3} (You found it on level 6 of the Pits of Slime)
 16512 | Lair:1   | Identified a +1 rod of clouds (12/12) (You found it on level 6 of the Pits of Slime)
 16659 | D:13     | Reached XP level 18. HP: 158/158 MP: 7/23
 16705 | D:14     | Found a gate to the Vaults.
 16705 | D:14     | Noticed Norris
 16712 | D:14     | Reached skill level 15 in Armour
 16732 | D:14     | Killed Norris
 16773 | Vaults:1 | Entered Level 1 of the Vaults
 17231 | Vaults:1 | Reached skill level 15 in Shields
 17660 | Vaults:4 | Received a gift from Trog
 17660 | Vaults:4 | Reached skill level 15 in Fighting
 17880 | Vaults:4 | Reached XP level 19. HP: 158/172 MP: 8/24
 18012 | Vaults:4 | Found a flickering gateway to a bazaar.
 18030 | Bazaar   | Entered a bazaar
 18039 | Bazaar   | Found Zetzevek's Magic Scroll Shop.
 18045 | Bazaar   | Found Iteamueria's Gadget Shop.
 18049 | Bazaar   | Found Wulyniq's Magic Scroll Shop.
 18055 | Bazaar   | Found Wajy's Armour Shoppe.
 18065 | Bazaar   | Bought the +1 pair of gloves of the Dungeon {rC+} for 305 gold pieces
 18103 | Bazaar   | Bought a scroll of fog for 16 gold pieces
 18103 | Bazaar   | Bought a scroll of fog for 16 gold pieces
 18103 | Bazaar   | Bought a scroll of recharging for 76 gold pieces
 18103 | Bazaar   | Bought a scroll of remove curse for 24 gold pieces
 18103 | Bazaar   | Bought a scroll of remove curse for 24 gold pieces
 18127 | Bazaar   | Found Gedalur's General Store.
 18152 | Bazaar   | Bought a scroll of blinking for 82 gold pieces
 18152 | Bazaar   | Bought 2 scrolls of remove curse for 66 gold pieces
 18152 | Bazaar   | Bought 3 scrolls of identify for 66 gold pieces
 18152 | Bazaar   | Bought a scroll of fog for 22 gold pieces
 18167 | Bazaar   | Bought a scroll of teleportation for 24 gold pieces
 18167 | Bazaar   | Bought a scroll of identify for 16 gold pieces
 18211 | Vaults:5 | Entered Level 5 of the Vaults
 18231 | Vaults:4 | Received a gift from Trog
 18450 | Vaults:5 | Noticed a golden dragon
 18450 | Vaults:5 | Noticed an ancient lich
 18465 | Vaults:5 | Killed an ancient lich
 18475 | Vaults:5 | Killed a golden dragon
 18610 | Vaults:5 | Noticed a golden dragon
 18724 | Vaults:4 | Killed a golden dragon
 18835 | Vaults:5 | Noticed a golden dragon
 18944 | Vaults:4 | Reached XP level 20. HP: 114/189 MP: 8/25
 18986 | Vaults:4 | Noticed a lich
 18990 | Vaults:4 | Received a gift from Trog
 19005 | Vaults:4 | Killed a lich
 19483 | Vaults:5 | Killed a golden dragon
 19556 | Vaults:5 | Noticed a golden dragon
 19567 | Vaults:5 | Killed a golden dragon
 20205 | Vaults:5 | Reached XP level 21. HP: 125/202 MP: 8/26
 20214 | Vaults:5 | Got a silver rune of Zot
 20360 | Vaults:5 | Noticed Frederick
 20380 | Vaults:5 | Killed Frederick
 20431 | Vaults:5 | Got a brightly glowing sapphire amulet
 20567 | Vaults:5 | Got a fine war axe
 20568 | Vaults:5 | Identified the amulet "Byer" {+Inv rF- rN+ MR+ Regen+} (You took it off an ironbrand convoker on level 5 of the Vaults)
 20569 | Vaults:5 | Identified the +8 war axe of brucemayne's Terror {elec, Str+2 Stlth+} (You acquired it on level 5 of the Vaults)
 20921 | Vaults:1 | Found Deiprel's Distillery.
 20925 | Vaults:1 | Bought a potion of curing for 36 gold pieces
 20925 | Vaults:1 | Bought a potion of curing for 36 gold pieces
 20925 | Vaults:1 | Bought a potion of curing for 36 gold pieces
 20925 | Vaults:1 | Bought a potion of cancellation for 96 gold pieces
 21022 | Vaults:1 | Received a gift from Trog
 21221 | Vaults:2 | Found a staircase to the Crypt.
 21567 | Vaults:2 | Identified the Catalogue of the Entourage and Enhancements
 21888 | Vaults:1 | Noticed Saint Roka
 21910 | Vaults:1 | Received a gift from Trog
 21918 | Vaults:1 | Killed Saint Roka
 22117 | D:11     | Found Asio's Antique Weapon Emporium.
 22338 | Elf:2    | Noticed Appriser's ghost (mighty DrTm)
 22376 | Elf:2    | Killed Appriser's ghost
 22560 | Elf:2    | Found a runed gate.
 22560 | Elf:2    | Found a runed gate.
 22561 | Elf:2    | Found a runed gate.
 22617 | Elf:2    | Reached XP level 22. HP: 145/215 MP: 7/27
 22622 | Elf:2    | Received a gift from Trog
 22837 | D:8      | Noticed Gastronok
 22845 | D:8      | Killed Gastronok
 22874 | D:7      | Noticed Joseph
 22958 | D:6      | Found a sparkling altar of Nemelex Xobeh.
 22962 | D:6      | Found a glowing golden altar of the Shining One.
 22969 | D:6      | Fell from the grace of Trog
 22969 | D:6      | Became a worshipper of the Shining One
 23163 | D:14     | Learned a level 2 spell: Swiftness
 23166 | D:14     | Learned a level 2 spell: Repel Missiles
 23169 | D:14     | Learned a level 2 spell: Blink
 23171 | D:14     | Learned a level 1 spell: Apportation
 23173 | D:14     | Learned a level 1 spell: Summon Butterflies
 23187 | D:14     | Learned a level 6 spell: Haste
 23266 | Vaults:3 | Found Dosaot's Assorted Antiques.
 23275 | Vaults:3 | Bought a jewelled glass wand for 188 gold pieces
 23275 | Vaults:3 | Bought a wand of paralysis for 94 gold pieces
 23275 | Vaults:3 | Bought a scroll of blinking for 352 gold pieces
 23277 | Vaults:3 | Bought a scroll of magic mapping for 164 gold pieces
 23355 | Crypt:1  | Entered Level 1 of the Crypt
 23376 | Crypt:1  | Acquired the Shining One's first power
 23433 | Crypt:1  | Acquired the Shining One's second power
 23608 | Crypt:1  | Reached skill level 1 in Invocations
 23663 | Crypt:2  | Acquired the Shining One's third power
 23700 | Crypt:2  | Reached skill level 5 in Invocations
 23755 | Crypt:3  | Entered Level 3 of the Crypt
 23767 | Crypt:3  | Acquired the Shining One's fourth power
 23891 | Crypt:3  | Found an ancient bone altar of Kikubaaqudgha.
 23937 | Crypt:3  | Noticed Jory
 23945 | Crypt:3  | Reached skill level 10 in Invocations
 23973 | Crypt:3  | Killed Jory
 24184 | Crypt:3  | Found a staircase to the Tomb.
 24206 | Crypt:2  | Noticed Wiglaf
 24215 | Crypt:2  | Killed Wiglaf
 24609 | D:6      | Identified a +9 executioner's axe of holy wrath (a +9 antimagic executioner's axe blessed by the Shining One)
 24609 | D:6      | Received a gift from the Shining One
 24763 | D:10     | Found Ryrikh's Magic Scroll Emporium.
 24766 | D:10     | Bought a scroll of blinking for 97 gold pieces
 24766 | D:10     | Bought a scroll of acquirement for 676 gold pieces
 24766 | D:10     | Bought a scroll of remove curse for 39 gold pieces
 25191 | Tomb:1   | Entered Level 1 of the Tomb of the Ancients
 25227 | Tomb:1   | Noticed a greater mummy
 25238 | Tomb:1   | Noticed a greater mummy
 25332 | Tomb:1   | Reached XP level 23. HP: 84/224 MP: 28/33
 25448 | Tomb:1   | Reached skill level 15 in Invocations
 25486 | Tomb:1   | Noticed a greater mummy
 25491 | Tomb:1   | Noticed a greater mummy
 25494 | Tomb:1   | Noticed a greater mummy
 25495 | Tomb:1   | Killed a greater mummy
 25497 | Tomb:1   | Noticed a greater mummy
 25502 | Tomb:1   | Killed a greater mummy
 25503 | Tomb:1   | Noticed a greater mummy
 25504 | Tomb:1   | Noticed a greater mummy
 25508 | Tomb:1   | Killed a greater mummy
 25510 | Tomb:1   | Killed a greater mummy
 25525 | Tomb:1   | Noticed a greater mummy
 25532 | Tomb:1   | Killed a greater mummy
 25536 | Tomb:1   | Noticed a greater mummy
 25536 | Tomb:1   | Killed a greater mummy
 25543 | Tomb:1   | Killed a greater mummy
 25547 | Tomb:1   | Killed a greater mummy
 25569 | Tomb:1   | Noticed a greater mummy
 25575 | Tomb:1   | Killed a greater mummy
 25622 | Tomb:2   | Noticed a greater mummy
 25821 | Tomb:2   | Killed a greater mummy
 25884 | Tomb:2   | Noticed a greater mummy
 25902 | Tomb:2   | Killed a greater mummy
 25916 | Tomb:2   | Noticed a greater mummy
 25939 | Tomb:2   | Killed a greater mummy
 25939 | Tomb:2   | Reached skill level 1 in Charms
 25939 | Tomb:2   | Reached skill level 1 in Summonings
 25939 | Tomb:2   | Reached skill level 1 in Air Magic
 25940 | Tomb:2   | Reached skill level 1 in Spellcasting
 25954 | Tomb:2   | Noticed a greater mummy
 25963 | Tomb:2   | Killed a greater mummy
 25963 | Tomb:2   | Reached skill level 1 in Translocations
 26217 | Tomb:3   | Entered Level 3 of the Tomb of the Ancients
 26234 | Tomb:3   | Noticed a greater mummy
 26234 | Tomb:3   | Noticed a greater mummy
 26249 | Tomb:2   | Reached XP level 24. HP: 115/233 MP: 36/36
 26356 | Tomb:3   | Killed a greater mummy
 26360 | Tomb:2   | Killed a greater mummy
 26484 | Tomb:3   | Noticed a greater mummy
 26590 | Tomb:3   | Noticed a greater mummy
 26593 | Tomb:3   | Killed a greater mummy
 26604 | Tomb:3   | Killed a greater mummy
 26711 | Tomb:3   | Reached skill level 5 in Summonings
 26760 | Tomb:3   | Noticed a greater mummy
 26766 | Tomb:3   | Killed a greater mummy
 26779 | Tomb:3   | Got a crude amber ring
 26859 | Tomb:3   | Reached skill level 5 in Translocations
 26860 | Tomb:3   | Noticed an ancient lich
 26869 | Tomb:3   | Killed an ancient lich
 26869 | Tomb:3   | Reached skill level 5 in Charms
 26869 | Tomb:3   | Reached skill level 5 in Air Magic
 26879 | Tomb:3   | Noticed a greater mummy
 26884 | Tomb:3   | Noticed Khufu
 26890 | Tomb:3   | Killed a greater mummy
 26895 | Tomb:3   | Killed Khufu
 26906 | Tomb:3   | Got a golden rune of Zot
 26951 | Tomb:3   | Noticed a greater mummy
 26959 | Tomb:3   | Killed a greater mummy
 26975 | Tomb:3   | Reached XP level 25. HP: 168/235 MP: 36/36
 27006 | Tomb:3   | Identified the ring of Homiva {Wiz *Confuse rF+ MR+} (You found it on level 3 of the Tomb of the Ancients)
 27394 | D:14     | Learned a level 5 spell: Phase Shift
 27400 | D:14     | Learned a level 4 spell: Passage of Golubria
 27405 | D:15     | Entered Level 15 of the Dungeon
 27410 | D:15     | Found Ifok Qaze's Antique Weapon Shop.
 27428 | D:14     | Noticed Frances
 27436 | D:14     | Cast into the Abyss (Frances)
 27545 | Abyss:1  | Found a radiant altar of Vehumet.
 27642 | D:14     | Escaped the Abyss
 27653 | D:14     | Killed Frances
 27703 | D:15     | Found Ganossipp's Armour Boutique.
 27708 | D:15     | Noticed Azrael
 27719 | D:15     | Killed Azrael
 27794 | D:15     | Found a staircase to the Depths.
 27807 | Depths:1 | Entered Level 1 of the Depths
 27898 | Depths:1 | Found a gateway to a ziggurat.
 27938 | Zig:1    | Entered Level 1 of a ziggurat
 27958 | Zig:2    | Entered Level 2 of a ziggurat
 27977 | Zig:2    | Got a heavily runed bronze ring
 27980 | Zig:2    | Identified the ring of Compulsion {+Blink rPois rC- rN+ Dex+6} (You found it on level 2 of a ziggurat)
 27985 | Zig:3    | Entered Level 3 of a ziggurat
 28178 | Zig:4    | Entered Level 4 of a ziggurat
 28213 | Zig:5    | Entered Level 5 of a ziggurat
 28391 | Zig:6    | Entered Level 6 of a ziggurat
 28427 | Zig:6    | Got a brightly glowing bone ring
 28434 | Zig:6    | Identified the Catalogue of Earth
 28601 | Zig:6    | Identified the ring of Beauty {-Tele +Inv rC+ Stlth+} (You found it on level 6 of a ziggurat)
 28605 | Zig:7    | Entered Level 7 of a ziggurat
 28676 | Zig:7    | Gained mutation: You are covered in fur (AC +1). [potion of beneficial mutation]
 28750 | Zig:8    | Entered Level 8 of a ziggurat
 28817 | Zig:8    | Got a twitching silver amulet
 28823 | Zig:8    | Identified the amulet "Gatob" {Faith rElec rN+} (You found it on level 8 of a ziggurat)
 28908 | Zig:9    | Entered Level 9 of a ziggurat
 29044 | Zig:10   | Entered Level 10 of a ziggurat
 29059 | Zig:10   | Noticed a greater mummy
 29071 | Zig:10   | Killed a greater mummy
 29088 | Zig:10   | Gained mutation: You are surrounded by a mild repulsion field (EV +2). [potion of beneficial mutation]
 29111 | Zig:11   | Entered Level 11 of a ziggurat
 29138 | Zig:11   | Reached skill level 5 in Spellcasting
 29345 | Zig:12   | Entered Level 12 of a ziggurat
 29436 | Zig:12   | Got a fine iron ring
 29451 | Zig:12   | Identified the ring "Vopta" {rN+ MR- Str+3 Int+4} (You found it on level 12 of a ziggurat)
 29553 | Zig:13   | Entered Level 13 of a ziggurat
 29570 | Zig:13   | Noticed an ancient lich
 29585 | Zig:13   | Noticed an ancient lich
 29593 | Zig:13   | Killed an ancient lich
 29593 | Zig:13   | Reached XP level 26. HP: 248/248 MP: 14/36
 29613 | Zig:13   | Killed an ancient lich
 29844 | Zig:13   | Reached skill level 10 in Translocations
 29844 | Zig:13   | Reached XP level 27. HP: 181/256 MP: 36/36
 30215 | Depths:1 | Found a gateway to Hell.
 30226 | Hell     | Entered the Vestibule of Hell
 30226 | Hell     | Noticed Geryon
 30262 | Hell     | Killed Geryon
 30474 | Depths:2 | Noticed Nergalle
 30480 | Depths:2 | Killed Nergalle
 30517 | Depths:2 | Noticed Mara
 30526 | Depths:2 | Noticed brucemayne's illusion
 30530 | Depths:2 | Killed Mara
 30530 | Depths:2 | Reached skill level 10 in Spellcasting
 30655 | Depths:3 | Reached skill level 26 in Axes
 30904 | Hell     | Found a gateway to the Iron City of Dis.
 30962 | Dis:1    | Entered Level 1 of the Iron City of Dis
 31210 | Dis:2    | You fall through a shaft!
 31246 | Dis:3    | You fall through a shaft!
 31418 | Dis:5    | Cast into the Abyss (skeletal warrior)
 31913 | Abyss:3  | Gained mutation: Your body sometimes deteriorates upon taking damage. [a neqoxec]
 31917 | Abyss:3  | Gained mutation: You expend magic power (3 MP) to strengthen your wands. [a neqoxec]
 32103 | Abyss:3  | Found a stormy altar of Qazlal.
 32142 | Abyss:3  | Found a corrupted altar of Lugonu.
 32173 | Abyss:5  | Entered Level 5 of the Abyss
 32408 | Abyss:5  | Got an abyssal rune of Zot
 32567 | Dis:5    | Escaped the Abyss
 32643 | Dis:7    | Entered Level 7 of the Iron City of Dis
 33044 | Dis:7    | Noticed Dispater
 33069 | Dis:7    | Killed Dispater
 33073 | Dis:7    | Got an iron rune of Zot
 33074 | Dis:7    | Gained mutation: You occasionally shout uncontrollably at your foes. [a cacodemon]
 33174 | Hell     | Found a gateway to the ashen valley of Gehenna.
 33185 | Geh:1    | Entered Level 1 of Gehenna
 33576 | Geh:6    | Reached skill level 15 in Translocations
 33602 | Geh:7    | Entered Level 7 of Gehenna
 34447 | Geh:7    | Noticed Asmodeus
 34465 | Geh:7    | Killed Asmodeus
 34498 | Geh:7    | Got an obsidian rune of Zot
 34623 | Hell     | Found a gateway to the decaying netherworld of Tartarus.
 34636 | Tar:1    | Entered Level 1 of Tartarus
 34799 | Tar:2    | Reached skill level 10 in Charms
 34861 | Tar:3    | Found a huge runed gate.
 34861 | Tar:3    | Found a huge runed gate.
 34861 | Tar:3    | Found a huge runed gate.
 34861 | Tar:3    | Found a huge runed gate.
 34861 | Tar:3    | Found a huge runed gate.
 34861 | Tar:3    | Found a huge runed gate.
 34861 | Tar:3    | Found a huge runed gate.
 34862 | Tar:3    | Found a huge runed gate.
 34862 | Tar:3    | Found a huge runed gate.
 34862 | Tar:3    | Found a huge runed gate.
 34884 | Tar:3    | Noticed an ancient lich
 34889 | Tar:3    | Killed an ancient lich
 34920 | Tar:5    | Was forgiven by Trog
 35303 | Tar:7    | Entered Level 7 of Tartarus
 36129 | Tar:7    | Noticed Ereshkigal
 36222 | Tar:7    | Killed Ereshkigal
 36252 | Tar:7    | Got a bone rune of Zot
 36453 | Hell     | Found a gateway to the freezing wastes of Cocytus.
 36465 | Coc:1    | Entered Level 1 of Cocytus
 36927 | Coc:7    | Entered Level 7 of Cocytus
 37007 | Coc:7    | Noticed the Serpent of Hell
 37030 | Coc:7    | Killed the Serpent of Hell
 37139 | Coc:7    | Reached skill level 15 in Charms
 37175 | Coc:7    | Noticed Antaeus
 37299 | Coc:7    | The Shining One protects you from harm!
 37301 | Coc:7    | Killed from afar by Antaeus

Vault maps used:
D:1:      shiori_shiawase, serial_bayou_pond_d, hangedman_decor_lopped,
          st_stairs_10
D:2:      first_bread, grunt_qazlal_clouds, uniq_terence
D:3:      minivault_25, uniq_robin, uniq_natasha
D:4:      kennysheep_generic_room_10
D:5:      enter_ossuary_3, grunt_dithmenos_smoke, uniq_sigmund,
          uniq_blork_the_orc
D:6:      minitemple, minmay_temple_entry_grid, basic_altar, serial_shops, shop,
          nicolae_shop_competitors_out_of_business, shop_statue
D:7:      uniq_joseph
D:8:      nicolae_overflow_hidden_temple, hangedman_ranch, uniq_gastronok
D:9:      kennysheep_housing_project, orc_0_dummy, cheibriados_altar_wand_db
D:10:     serial_ice, serial_ice_h, serial_ice_d, serial_ice_g, serial_ice_f,
          serial_ice_i, serial_ice_n, serial_ice_a, serial_ice_c, serial_shops,
          kennysheep_mini_moat, uniq_fannar
D:11:     serial_shops, nicolae_shop_overgrown_old_shop, uniq_urug, uniq_erica
D:12:     minmay_elf_outpost
D:13:     serial_co_window_serial, co_window_paths_a, co_window_paths_b,
          co_window_paths_a, co_window_paths_a, co_window_paths_a,
          co_window_broadway_a, co_window_corner_ca, co_window_corner_ca,
          co_window_broadway_b, co_window_unsneaky_path_a,
          co_window_unsneaky_path_d, co_window_broadway_b, glass_columns_a
D:14:     david_vaults_3, lemuel_doored_altar, serial_shops, shop, uniq_frances
D:15:     grunt_enter_depths_snipers, serial_shops,
          nicolae_shop_competitors_out_of_business, nicolae_shop_waterfront,
          shop, tgw_sif, grunt_decor_arrowhead, uniq_roxanne, uniq_azrael
Temple:   eino_temple_water_12
Lair:2:   beast_lair_carwin_5, grunt_megastairs_3, serial_bayou_shore_b
Lair:3:   dragon1_lemuel, spider_nest_entry_rubble, columned_hall_lemuel
Lair:4:   elwin_shoals_entry_stream, kennysheep_snail_temple
Lair:5:   serial_bayou_pond_d, beast_lair_carwin_3, uniq_rupert
Lair:6:   lemuel_fruit_tree
Lair:7:   slime_altar_2, roderic_batcave, tgw_fedhas
Lair:8:   due_jungle_book, minivault_19, kennysheep_basilisk_garden,
          grunt_megastairs_2, serial_bayou_shore_b, lemuel_fruit_fields
Shoals:1: uniq_louise, uniq_aizul
Shoals:3: nicolae_shoals_dead_sea_scrolls
Shoals:4: serial_shops, bzr_entry_gold, shoals_end_simple, shoal_ilsuiw
Spider:1: nicolae_spider_corner, hive_lemuel
Spider:2: lemuel_spider_zombies, einodemon_crawler_minivault
Spider:4: grunt_spider_rune_circles
Slime:3:  nicolae_slime_phagocytosis
Orc:1:    basic_altar
Orc:2:    serial_shops, nicolae_shop_behind_doors, basic_altar
Orc:3:    basic_altar, nicolae_orc_pool_cavern
Orc:4:    pf_orc_diabolical, uniq_donald, uniq_josephine
Elf:1:    elf_arrival_002, serial_co_window_serial, co_window_corner_a,
          co_window_corner_a, co_window_paths_b, co_window_corner_a,
          co_window_paths_a, co_window_unsneaky_path_a, co_window_broadway_a,
          co_window_unsneaky_path_a, co_window_paths_c, co_window_paths_c,
          co_window_paths_c, co_window_paths_d, glass_columns_b
Vaults:1: grunt_vaults_trifunnel, nicolae_vaults_little_squares_6, serial_ice_b,
          dpeg_vaults_monster_row, nicolae_vaults_little_squares_3,
          ontoclasm_vaults_hangar, nicolae_vaults_border_crossing,
          nicolae_vaults_ring_of_whatevers, serial_shops, shop_fountains,
          uniq_saint_roka
Vaults:2: minmay_crypt_entry_simple_walls, ontoclasm_vaults_spin,
          v_alt_pattern_5, hangedman_vaults_maws, hangedman_vaults_stagger,
          vaults_room_corners, st_spiral_rooms, ontoclasm_vaults_shuriken,
          nicolae_vaults_diagonal_hallway_7, ontoclasm_vaults_ring_small,
          vaults_room_pool
Vaults:3: vaults_room_corners, vaults_room_boxed, grunt_vaults_hallway_short,
          v_misc_8, ontoclasm_vaults_chip, nicolae_vaults_yaktaur_gun_rack,
          v_rooms_3, v_misc_13, hangedman_vaults_maws, v_misc_22,
          nicolae_vaults_little_squares_5, ontoclasm_vaults_decontamination,
          v_misc_22, serial_shops, nicolae_shop_window_shopping
Vaults:4: hangedman_vaults_river_flow, ontoclasm_vaults_twist,
          nicolae_vaults_big_ls, v_misc_4, ontoclasm_vaults_ring_large,
          v_pattern_4, ontoclasm_vaults_loading_screen,
          nicolae_vaults_little_squares_4, v_misc_13, vaults_dpeg_ring,
          nicolae_vaults_diagonal_hallway_6,
          vaults_room_grunt_arrival_checkpoint, hangedman_vaults_snaps,
          serial_shops, bzr_entry_islet
Vaults:5: uniq_frederick
Crypt:1:  grunt_crypt_arrival_split
Crypt:2:  uniq_wiglaf
Crypt:3:  church_of_pain_bobbens
Tomb:1:   uniq_sojobo
Tomb:2:   uniq_jory
Depths:1: enter_ziggurat_d, nicolae_water_bricks, pf_coc_iceberg,
          grunt_ministairs_5, minmay_three_doors, serial_bayou_shore_b,
          grunt_megastairs_5
Depths:2: constructs_gauntlet_mu_hangedman, grunt_hell_horde,
          hangedman_abyss_or_decor_slice, basic_stair_grate_trap,
          infiniplex_staircase_pool_2, uniq_mara
Depths:3: cheibrodos_lost_city_excavation, hell_entry, pan_entry,
          mikee_hates_you, infiniplex_staircase_pool_1
Depths:4: box_level_dp, hell_entry, abyss_entry, pan_entry
Dis:2:    hangedman_player_shredder
Dis:4:    hangedman_dis_decor_blocks_mantle
Dis:5:    hangedman_dis_monolith
Dis:7:    iron_city_of_dis
Geh:3:    grunt_megastairs_4
Geh:6:    nicolae_geh_fiery_graves
Geh:7:    evilmike_geh
Coc:2:    grunt_deathspiral_small
Coc:7:    coc_dpeg
Tar:3:    door_vault
Tar:5:    nicolae_tar_cuneiform_three
Tar:7:    tar_mu
Abyss:3:  evilmike_abyss_exit_8, minivault_11
Abyss:4:  evilmike_abyss_rune_shrine
Abyss:5:  nicolae_abyss_rune_containment_breach, evilmike_abyss_exit_10,
          abyss_fake_exit
Zig:4:    ziggurat_pillar_centre_c
Zig:6:    ziggurat_pillar_centre_oklobs
Zig:9:    ziggurat_pillar_centre_dead_trees
Bazaar:   bazaar_jpeg_cross, bazaar_kb_twisted_cavern
Ossuary:  ossuary_minmay_scorpions

Action                   |  1- 3 |  4- 6 |  7- 9 | 10-12 | 13-15 | 16-18 | 19-21 | 22-24 | 25-27 || total
-------------------------+-------+-------+-------+-------+-------+-------+-------+-------+-------++-------
Melee: Hand axe          |    59 |   161 |   367 |   316 |    11 |       |       |       |       ||   914
       Broad axe         |       |       |       |   271 |   279 |   888 |  1496 |     5 |       ||  2939
       War axe           |       |       |       |   105 |  1011 |   597 |       |       |       ||  1713
       Executioner's axe |       |       |       |       |       |       |       |   880 |  2298 ||  3178
 Cast: Apportation       |       |       |       |       |       |       |       |     2 |    14 ||    16
       Repel Missiles    |       |       |       |       |       |       |       |       |     6 ||     6
       Phase Shift       |       |       |       |       |       |       |       |       |     4 ||     4
       Blink             |       |       |       |       |       |       |       |       |     1 ||     1
Invok: Berserk           |     3 |     4 |     9 |    15 |     6 |     8 |     2 |       |       ||    47
       Trog's Hand       |       |     1 |     9 |    30 |    34 |    31 |    32 |       |       ||   137
       Brothers in Arms  |       |       |       |     1 |     6 |     5 |     2 |       |       ||    14
       Summon Divine War |       |       |       |       |       |       |       |    13 |    30 ||    43
       Divine Shield     |       |       |       |       |       |       |       |     6 |     7 ||    13
       Brand Weapon With |       |       |       |       |       |       |       |     1 |       ||     1
       Cleansing Flame   |       |       |       |       |       |       |       |    19 |    14 ||    33
 Abil: Evoke Teleportati |       |       |       |       |       |       |    12 |    26 |    72 ||   110
Evoke: Wand              |       |       |       |       |     4 |     9 |       |     1 |    15 ||    29
       Rod               |       |       |       |       |       |     1 |       |       |       ||     1
  Use: Scroll            |       |       |     6 |    13 |    24 |    12 |    13 |    22 |    16 ||   106
       Potion            |       |       |       |     7 |     9 |    19 |     3 |     9 |    16 ||    63
 Stab: Sleeping          |       |     1 |     1 |       |       |       |       |       |       ||     2
       Distracted        |       |       |       |       |     1 |     2 |     1 |       |       ||     4
       Held in net/web   |       |       |       |       |       |       |       |     1 |       ||     1
  Eat: Chunk             |       |     3 |     7 |    28 |    19 |    15 |    21 |       |    18 ||   111
       Meat ration       |       |     1 |       |       |     1 |     1 |       |     3 |     8 ||    14
       Bread ration      |       |       |     2 |       |       |     2 |     1 |     3 |     5 ||    13
       Fruit             |       |       |       |     5 |     9 |     7 |     5 |    14 |       ||    40
       Beef jerky        |       |       |       |     1 |       |       |     1 |       |     1 ||     3
       Royal jelly       |       |       |       |       |     1 |       |       |       |     1 ||     2
